 Dungeon Crawl Stone Soup version 0.30.0-29-ga12c61a403 (webtiles) character file.

Game seed: 14563549143163964410

830 Graphine the Conjurer (level 7, -1/40 HPs)
             Began as a Deep Elf Conjurer on June 21, 2023.
             Was an Initiate of Vehumet.
             Succumbed to Edmund's poison
             ... on level 5 of the Dungeon.
             The game lasted 00:11:12 (4633 turns).

Graphine the Conjurer (Deep Elf Conjurer)           Turns: 4633, Time: 00:11:13

Health: -1/40      AC:  4    Str:  4    XL:     7   Next: 65%
Magic:  14/18      EV: 14    Int: 25    God:    Vehumet [......]
Gold:   368        SH:  0    Dex: 13    Spells: 5/18 levels left

rFire   . . .        c - +0 short sword
rCold   . . .        (no shield)
rNeg    . . .        a - +0 robe
rPois   .            (no helmet)
rElec   .            (no cloak)
rCorr   .            (no gloves)
SInv    .            e - +1 pair of boots
Will    .....        (no amulet)
Stlth   +++          (no ring)
HPRegen 0.26/turn    (no ring)
MPRegen 0.16/turn

%: no passive effects
@: lethally poisoned (-1 -> -8)
A: no striking features
a: Renounce Religion


You were on level 5 of the Dungeon.
You worshipped Vehumet.
Vehumet was noncommittal.
You visited 1 branch of the dungeon, and saw 5 of its levels.

You collected 368 gold pieces.

Inventory:

Hand Weapons
 c - a +0 short sword (weapon)
Armour
 a - a +0 robe (worn)
 d - an orb of mayhem
 e - a +1 pair of boots (worn)
Jewellery
 m - an amulet of regeneration
Wands
 g - a wand of flame (42)
Potions
 j - a potion of might
 l - 2 potions of flight
 o - 2 potions of attraction


   Skills:
 + Level 2.0 Fighting
 + Level 5.4 Dodging
 + Level 5.7 Stealth
 + Level 6.0 Spellcasting
 + Level 6.3 Conjurations


You had 5 spell levels left.
You knew the following spells:

 Your Spells              Type           Power      Damage    Failure   Level
a - Magic Dart            Conj           100%       1d8       1%          1
b - Searing Ray           Conj           78%        2d7       1%          2
c - Dazzling Flash        Conj/Hex       46%        N/A       6%          3
d - Hailstorm             Conj/Ice       23%        3d7       6%          3
e - Fulminant Prism       Conj/Hex       11%        3d8       21%         4

Your spell library contained the following spells:

 Spells                   Type           Power      Damage    Failure   Level
 Shock                    Conj/Air       92%        1d8       1%          1
 Kiss of Death            Conj/Necr      92%        2d12      1%          1
 Freeze                   Ice            28%        1d5       8%          1
 Iskenderun's Mystic Bla  Conj/Tloc      23%        2d6       21%         4
 Confusing Touch          Hex            7%         N/A       22%         3
 Frozen Ramparts          Ice            14%        1d3       22%         3
 Dispel Undead            Necr           7%         3d8       58%         4


Dungeon Overview and Level Annotations

Branches:
Dungeon (5/15)
 Temple: D:4-7

Altars:
Cheibriados
Vehumet

Annotations:
D:5 Edmund


Message History

You feel better.
Edmund hits you with a +0 dire flail of venom!
You are poisoned.
Magic courses through your body.
You feel very sick. Edmund barely misses you.
Casting: Magic Dart (safe; 1% risk of failure)
Confirm with . or Enter, or press ? or * to list all spells.
Aiming: Searing Ray (safe; 1% risk of failure)
Press: ? - help, Shift-Dir - straight line, f/p - Edmund
Aim: Edmund, wielding a +0 dire flail of venom, wearing a +3 chain mail of willpower and carrying a wand of flame (5) (severely wounded, 86% to hit)
The searing ray hits Edmund but does no damage.
Edmund is severely wounded. (Press . to maintain the ray.)
You feel very sick.
Edmund zaps a wand.
The puff of flame hits you!
* * * LOW HITPOINT WARNING * * *
The searing ray hits Edmund but does no damage.
Edmund is severely wounded.
* * * LOW HITPOINT WARNING * * *
You feel very sick. Edmund barely misses you.
The searing ray hits Edmund.
Edmund is almost dead.
* * * LOW HITPOINT WARNING * * *
You feel sick.
Edmund zaps a wand.
The puff of flame misses you.
Okay, then.
Okay, then.
Press: ? - help, v - describe, . - travel
Here: Edmund, wielding a +0 dire flail of venom, wearing a +3 chain mail of willpower and carrying a wand of flame (3) (almost dead)
The floor.
There is a lethal amount of poison in your body!
Casting: Searing Ray (safe; 1% risk of failure)
Confirm with . or Enter, or press ? or * to list all spells.
Aiming: Magic Dart (safe; 1% risk of failure)
Press: ? - help, Shift-Dir - straight line, f/p - Edmund
Aim: Edmund, wielding a +0 dire flail of venom, wearing a +3 chain mail of willpower and carrying a wand of flame (3) (almost dead, 100% to hit)
The magic dart hits Edmund but does no damage.
Edmund is almost dead.
You die...

##'###..........# .#.#
................# .....
...............###......#
...............#........#..
.......#..................##
.......#...........##....>.#
###......................).#
#.......####...@...........#
...........#....@...........
...........#...<..........#
##..##.....#...#..........#
##..##.........#.....##..#
##.#.......#..#.....#†..#
#.........##.....)[)##......
....#..#............).#
.....
#.......#.###.........##
....
##.<..###.##............ ...


You could see Edmund.

Vanquished Creatures
  Sigmund (D:2)
  Menkaure (D:4)
  An ice beast (D:4)
  A phantom (D:4)
  A scorpion (D:4)
  A howler monkey (D:4)
  A hound (D:5)
  An orc priest (D:4)
  A gnoll bouda (D:5)
  An orc wizard (D:3)
  2 adders
  5 gnolls
  An ufetubus (D:5)
  A worm (D:2)
  3 dart slugs
  7 orcs
  11 bats
  7 endoplasms
  4 giant cockroaches
  7 goblins
  6 hobgoblins
  5 jackals (D:1)
  10 kobolds
  6 quokkas
  7 ball pythons
  2 frilled lizards
  3 rats
97 creatures vanquished.

Notes
Turn   | Place    | Note
-------+----------+-------------------------------------------
     0 | D:1      | Graphine the Deep Elf Conjurer began the quest for the Orb.
     0 | D:1      | Reached XP level 1. HP: 10/10 MP: 6/6
   145 | D:1      | Reached XP level 2. HP: 15/15 MP: 1/8
   413 | D:1      | Reached XP level 3. HP: 19/19 MP: 7/10
  1406 | D:2      | Learned a level 2 spell: Searing Ray
  1410 | D:2      | Learned a level 3 spell: Dazzling Flash
  1605 | D:2      | Reached XP level 4. HP: 24/24 MP: 6/11
  1772 | D:2      | Noticed Sigmund
  1777 | D:2      | Killed Sigmund
  1778 | D:2      | Reached skill level 5 in Conjurations
  1778 | D:2      | Reached XP level 5. HP: 28/28 MP: 7/14
  2530 | D:3      | Learned a level 3 spell: Hailstorm
  2570 | D:3      | Reached XP level 6. HP: 32/32 MP: 12/15
  3216 | D:4      | Found a radiant altar of Vehumet.
  3237 | D:4      | Became a worshipper of Vehumet
  3268 | D:4      | Noticed Menkaure
  3276 | D:4      | Killed Menkaure
  3277 | D:4      | Reached skill level 5 in Spellcasting
  3441 | D:4      | Reached skill level 1 in Fighting
  3441 | D:4      | Reached skill level 5 in Stealth
  3478 | D:4      | Reached XP level 7. HP: 14/38 MP: 12/17
  3659 | D:4      | Reached skill level 5 in Dodging
  4188 | D:5      | Entered Level 5 of the Dungeon
  4215 | D:5      | Reached * piety under Vehumet
  4215 | D:5      | Offered knowledge of Shock by Vehumet.
  4221 | D:5      | Learned a level 4 spell: Fulminant Prism
  4332 | D:5      | Found a snail-covered altar of Cheibriados.
  4368 | D:5      | Noticed Edmund
  4631 | D:5      | HP: 2/40 [poisoned by Edmund]
  4633 | D:5      | Succumbed to Edmund's poison

Illustrated notes

Levels and vault maps discovered:
D:1:      lemuel_arrival_river_ford, layout_loops_ring
D:2:      layout_loops_ring, chequers_serial_rivers_micro_e, uniq_sigmund
D:3:      layout_loops_ring
D:4:      layout_cave_pools, vehumet_altar_wand_db, uniq_menkaure
D:5:      layout_cave_pools, nicolae_uskayaw_suspiria, amcnicky_altar_gilded,
          gammafunk_temple_overflow_elements, serial_shops, shop, uniq_edmund

Skill      XL: |  1  2  3  4  5  6  7 |
---------------+----------------------+-----
Stealth        | 3 4 5 |  5.7
Dodging        | 3 4 5 |  5.4
Spellcasting   | 4 5 6 |  6.0
Conjurations   | 5 6 |  6.3
Fighting       | 1 2 |  2.0

Action                     |  1- 3 |  4- 6 |  7- 9 || total
---------------------------+-------+-------+-------++-------
  Melee: Unarmed           |     3 |       |       ||     3
         Short sword       |       |     1 |     1 ||     2
   Cast: Magic Dart        |    88 |    70 |    53 ||   211
         Searing Ray       |       |     5 |     6 ||    11
         Hailstorm         |       |       |     3 ||     3
         Dazzling Flash    |       |       |     1 ||     1
    Use: Scroll            |     1 |     4 |     6 ||    11
         Potion            |       |     1 |     9 ||    10
 Armour: Robe              |     3 |     2 |    20 ||    25
  Dodge: Dodged            |     8 |    16 |    44 ||    68
